 Dungeon Crawl Stone Soup version 0.30-a0-605-gb2882149bf (webtiles) character file.

Game seed: 8540429997546198268

1113 wormed the Caller (level 8, -4/34 HPs)
             Began as a Felid Summoner on Jan 8, 2023.
             Was an Initiate of Gozag.
             Killed by divine providence
             ... invoked by an orc priest
              (11 damage)
             ... on level 7 of the Dungeon.
             The game lasted 00:16:08 (7063 turns).

wormed the Caller (Felid Summoner)                  Turns: 7063, Time: 00:16:09

Health: -4/34      AC:  2    Str:  4    XL:     8   Next: 11%
Magic:  12/16      EV: 20    Int: 24    God:    Gozag
Gold:   527        SH:  0    Dex: 17    Spells: 5/16 levels left
                                        Lives:  0   Deaths: 2

rFire   . . .      SeeInvis +    (weapon unavailable)
rCold   . . .      Faith    .    (shield unavailable)
rNeg    . . .      Spirit   .    (body armour unavailable)
rPois   .          Reflect  .    (helmet unavailable)
rElec   .          Harm     .    (cloak unavailable)
rCorr   .          Rampage  .    (gloves unavailable)
Will    +....                    (boots unavailable)
Stlth   ++                       q - amulet of magic regeneration
HPRegen 0.25/turn                m - ring of wizardry
MPRegen 0.55/turn                r - +6 ring of intelligence

@: gold aura, quick
A: very small, claws 1, fangs 3, see invisible, speed 1, shaggy fur 2, stealthy
paws, no weapons or thrown items, no armour, multi-lived
a: Renounce Religion, Potion Petition, Call Merchant, Bribe Branch


You were on level 7 of the Dungeon.
You worshipped Gozag.
Gozag was pleased with you.
You visited 2 branches of the dungeon, and saw 8 of its levels.

You collected 597 gold pieces.
You paid 70 gold pieces to Gozag.

Inventory:

Jewellery
 d - a ring of poison resistance
 m - a ring of wizardry (left paw)
 q - an amulet of magic regeneration (around neck)
 r - a +6 ring of intelligence (right paw)
Wands
 i - a wand of charming (5)
 n - a wand of light (7)
 o - a wand of flame (5)
Scrolls
 b - a scroll of fear
 f - 5 scrolls of identify
 h - a scroll of poison
 s - a scroll of vulnerability
Potions
 a - 2 potions of magic
 c - 3 potions of lignification
 e - a potion of curing
 g - a potion of might
 j - a potion of flight
 k - 2 potions of brilliance
 l - a potion of haste
 p - a potion of attraction


   Skills:
 + Level 3.5 Fighting
 + Level 6.0 Dodging
 - Level 2.6 Stealth
 + Level 4.8 Spellcasting
 - Level 5.0 Hexes
 + Level 6.3 Summonings
 * Level 4.0 Air Magic


You had 5 spell levels left.
You knew the following spells:

 Your Spells              Type           Power      Damage    Failure   Level
a - Summon Small Mammal   Summ           100%       N/A       1%          1
b - Call Canine Familiar  Summ           36%        N/A       1%          3
c - Summon Guardian Gole  Hex/Summ       32%        N/A       1%          3
d - Summon Lightning Spi  Summ/Air       30%        N/A       4%          4

Your spell library contained the following spells:

 Spells                   Type           Power      Damage    Failure   Level
 Call Imp                 Summ           36%        N/A       1%          2
 Ozocubu's Armour         Ice            5%         N/A       11%         3
 Metabolic Englaciation   Hex/Ice        8%         N/A       32%         5
 Haunt                    Necr/Summ      10%        N/A       100%        7
 Infestation              Necr           2%         N/A       100%        8
 Animate Dead             Necr           Unusable   N/A       N/A         4
 Simulacrum               Ice/Necr       Unusable   N/A       N/A         6

Dungeon Overview and Level Annotations

Branches:
Dungeon (7/15)             Temple (1/1) D:4

Altars:
Ashenzari
Cheibriados
Elyvilon
Fedhas
Gozag
Hepliaklqana
Kikubaaqudgha
Makhleb
Nemelex Xobeh
Qazlal
Uskayaw
Vehumet
Zin
The Shining One

Shops:
D:2 [

Annotations:
D:3 1 runed translucent door, snackwell's ghost, amateur SpEn
D:7 Joseph


Innate Abilities, Weirdness & Mutations

You have sharp claws.
You have razor-sharp teeth.
You have supernaturally acute eyesight. (SInv)
You cover ground quickly. (Speed+)
You are covered in thick fur. (AC +2)
Your paws help you pounce on unaware monsters.
You are incapable of wielding weapons or throwing items.
You cannot wear armour.
You gain extra lives every three experience levels.


Message History

You resist with significant effort.
Casting: Summon Guardian Golem (safe; 1% risk of failure)
Confirm with . or Enter, or press ? or * to list all spells.
The spell is quite dangerous to miscast (4% risk of failure)!
Continue anyway?
An electric hum fills the air.
An orc comes into view. It is wielding a +0 club.
Casting: Summon Lightning Spire (quite dangerous; 4% risk of failure)
Confirm with . or Enter, or press ? or * to list all spells.
An orc comes into view. It is wielding a +0 club.
The orc barely misses your guardian golem.
You swap places.
Found a scroll of poison.
The orc priest hits your hound with a +0 dagger.
The orc hits your guardian golem but does no damage.
Your hound bites the orc priest.
The orc priest misses your hound.
Your hound bites the orc priest but does no damage.
Your hound bites the orc priest.
The orc priest closely misses your hound.
Your hound closely misses the orc priest.
The orc priest invokes the aid of Beogh against you.
Beogh smites you!
The orc hits your guardian golem with a +0 club.
Your hound closely misses the orc priest.
Your hound bites the orc priest.
The orc priest hits your hound with a +0 dagger.
The orc hits your guardian golem but does no damage.
Your hound bites the orc priest.
The orc priest mumbles some strange prayers to Beogh against you.
Beogh smites you!
* * * LOW HITPOINT WARNING * * *
The orc hits your guardian golem but does no damage.
Your hound barely misses the orc priest.
Your hound closely misses the orc priest.
Your hound bites the orc.
The orc priest looks encouraged for a moment.
Your hound bites the orc. x2
The orc dies!
The orc priest mumbles some strange prayers to Beogh against you.
Beogh smites you!
You die...
Your body crumbles into a pile of gold.

# .. ... ....
..... ########
....o$#......#
#..9h<.#
#.....@#
#...8.....?...
#......#######
$ ........#
###.....(#
#.###... #.
#.[. # #.##


You could see an orc priest (ally target), a friendly guardian golem (summoned),
a friendly lightning spire (summoned, sheltered) and a friendly hound (summoned,
sheltered).

Vanquished Creatures
  A phantom (D:5)
  An adder (D:5)
  2 gnolls (D:5)
  A bat (D:1)
  2 goblins (D:1)
  A hobgoblin (D:1)
  A kobold (D:2)
  2 rats (D:1)
11 creatures vanquished.

Vanquished Creatures (collateral kills)
  A water moccasin (D:6)
  An ice beast (D:6)
  A black bear (D:6)
  3 phantoms (D:6)
  2 orc priests (D:6)
  3 jellies
  4 iguanas (D:6)
  An orc wizard (D:5)
  Natasha (twice) (D:4)
  2 gnolls (D:5)
  8 adders
  A shadow imp (D:5)
  An ufetubus (D:4)
  3 worms
  3 dart slugs
  8 orcs
  3 ball pythons
  7 endoplasms
  3 giant cockroaches
  9 goblins
  5 hobgoblins
  3 jackals (D:2)
  5 kobolds
  2 quokkas
  2 bats (D:3)
  5 frilled lizards
  2 rats
90 creatures vanquished.

Vanquished Creatures (others)
  Duvessa (D:4)
  An orc warrior (D:5)
  Dowan (D:4)
  An orc priest (D:5)
  A hound (D:4)
  A gnoll bouda (D:5)
  Natasha (D:4)
  An orc wizard (D:5)
8 creatures vanquished.

Grand Total: 109 creatures vanquished

Notes
Turn   | Place    | Note
-------+----------+-------------------------------------------
     0 | D:1      | wormed the Felid Summoner began the quest for the Orb.
     0 | D:1      | Reached XP level 1. HP: 7/7 MP: 4/4
   278 | D:1      | Reached XP level 2. HP: 11/11 MP: 3/6
  1596 | D:2      | Reached XP level 3. HP: 14/14 MP: 5/8
  1627 | D:2      | Learned a level 3 spell: Call Canine Familiar
  2241 | D:2      | Found Wohasm's Antique Armour Shop.
  2283 | D:2      | Reached XP level 4. HP: 18/18 MP: 5/9
  2326 | D:2      | Learned a level 3 spell: Summon Guardian Golem
  2708 | D:3      | Reached skill level 1 in Hexes
  2972 | D:3      | Found a snail-covered altar of Cheibriados.
  3073 | D:3      | Noticed snackwell's ghost (amateur SpEn)
  3076 | D:3      | Found a runed translucent door.
  3363 | D:4      | Noticed Duvessa
  3363 | D:4      | Noticed Dowan
  3511 | D:4      | Killed Dowan
  3512 | D:4      | Reached skill level 5 in Summonings
  3512 | D:4      | Reached XP level 5. HP: 21/21 MP: 5/11
  3527 | D:4      | Mangled by Duvessa
  3528 | D:4      | Reached XP level 4. HP: -7/18 MP: 6/10
  3620 | D:4      | Found a staircase to the Ecumenical Temple.
  3754 | D:4      | Reached skill level 1 in Fighting
  3759 | D:4      | Killed Duvessa
  3760 | D:4      | Reached XP level 5. HP: 7/22 MP: 2/11
  3895 | D:4      | Noticed Natasha
  3909 | D:4      | Killed Natasha
  4100 | D:4      | Gained mutation: You are covered in thick fur. (AC +2)
                  | [Felid growth]
  4100 | D:4      | Reached XP level 6. HP: 26/26 MP: 6/12
  4288 | D:4      | Noticed Natasha
  4301 | D:4      | Killed Natasha
  4561 | D:4      | Noticed Natasha
  4587 | D:4      | Killed Natasha
  4755 | Temple   | Entered the Ecumenical Temple
  4793 | Temple   | Became a worshipper of Gozag Ym Sagoz the Greedy
  4878 | D:5      | Entered Level 5 of the Dungeon
  4955 | D:5      | Noticed an orc warrior
  4979 | D:5      | Killed an orc warrior
  4980 | D:5      | Reached skill level 5 in Hexes
  4980 | D:5      | Reached skill level 1 in Air Magic
  5040 | D:5      | Reached XP level 7. HP: 27/30 MP: 13/13
  5077 | D:5      | Engulfed by their own flame
  5078 | D:5      | Reached XP level 6. HP: -21/27 MP: 13/13
  5775 | D:6      | Reached skill level 5 in Dodging
  5845 | D:6      | Learned a level 4 spell: Summon Lightning Spire
  5938 | D:6      | Reached XP level 7. HP: 25/30 MP: 6/14
  5967 | D:6      | Noticed a +0 falchion
  5967 | D:6      | Noticed a +0 spear
  5969 | D:6      | Noticed a +0 short sword
  5970 | D:6      | Noticed a +0 spear
  5970 | D:6      | Noticed a +0 falchion
  5971 | D:6      | Noticed a +0 dagger
  5991 | D:6      | Noticed a +0 dagger
  5991 | D:6      | Noticed a +0 short sword
  6357 | D:6      | Found a hide-covered altar of Uskayaw.
  6669 | D:6      | Reached XP level 8. HP: 34/34 MP: 9/16
  6933 | D:7      | Noticed Joseph
  6935 | D:7      | Noticed a gargoyle
  7063 | D:7      | Killed from afar by an orc priest

Illustrated notes

Levels and vault maps discovered:
D:1:      wheals_arrival_shading, layout_basic
D:2:      layout_basic, serial_shops, nicolae_shop_hallway_stairs, minmay_tall_x
D:3:      layout_rooms, cheibrodos_worm_habitat, hellmonk_ghost_happy_afterlife
D:4:      layout_loops_corners, minmay_temple_entry_waves, uniq_natasha,
          uniq_duvessa
D:5:      layout_loops_ring
D:6:      layout_gridville, nicolae_uskayaw_en_pointe
D:7:      layout_basic, nzn_overflow_gifts_of_might_and_magic,
          mainiacjoe_overflow_alcove_3, uniq_joseph
Temple:   minmay_temple_bridge_abc

Skill      XL: |  1  2  3  4  5  6  7  8 |
---------------+-------------------------+-----
Spellcasting   | 3 4 |  4.8
Hexes          | 3 4 5 |  5.0
Dodging        | 3 5 6 |  6.0
Summonings     | 5 6 |  6.3
Fighting       | 1 2 3 |  3.5
Air Magic      | 2 3 4 |  4.0
Stealth        | |  2.6

Action                   |  1- 3 |  4- 6 |  7- 9 || total
-------------------------+-------+-------+-------++-------
Melee: Unarmed           |    13 |     9 |       ||    22
       Bite              |     2 |     3 |       ||     5
 Cast: Summon Small Mamm |    55 |    30 |     6 ||    91
       Call Canine Famil |     8 |    33 |    20 ||    61
       Summon Guardian G |       |    14 |     6 ||    20
       Summon Lightning  |       |       |    13 ||    13
  Use: Scroll            |     3 |     6 |     5 ||    14
       Potion            |       |     1 |     2 ||     3
Armor: Skin              |     3 |     4 |       ||     7
Dodge: Dodged            |    22 |    31 |    23 ||    76

Table legend: (Time is in decaauts)
 A = Elapsed time spent in this place.
 B = Non-inter-level travel time spent in this place.
 C = Inter-level travel time spent in this place.
 D = Time resting spent in this place.
 E = Time spent auto-exploring this place.
 F = Levels seen in this place.
 G = Mean time per level.
                   A        B        C        D        E       F      G
               +--------+--------+--------+--------+--------+-----+--------+
         Total |   6179 |   5885 |    294 |    200 |   4303 |   8 |  772.4 |
       Dungeon |   6121 |   5854 |    267 |    200 |   4285 |   7 |  874.4 |
        Temple |     58 |     32 |     26 |      0 |     17 |   1 |   58.0 |
               +--------+--------+--------+--------+--------+-----+--------+

Top non-repeatable levels by time:
     D:1: 1374 daAuts
     D:4: 1238 daAuts
     D:6: 1137 daAuts
     D:2: 953 daAuts
     D:5: 694 daAuts
     D:3: 674 daAuts
  Temple: 58 daAuts
     D:7: 46 daAuts
